← All builds
Pond / Armada / Economy first / OBSERVED BUILD

Gunslinger buy

Armada Pond build order · Supreme Isthmus

Pond pays Tech to build and hand over a Gunslinger from 5:05 for the front line.

#team support · 104 distinct matches · 51 players · 5% of Armada Pond games · team won 46% of 104 · Recently observed

THE CATCH, AND WHAT COMES WITH IT
  • GunslingerGunslinger from Tech arrives 5:05 · 4% of role by thenTech makes it and hands it over.

Paid for by sending allies about 580 metal and 12,000 energy by 5:00; standard pond sends 0 metal and 9,000 energy.

Where those units first fight, in 99 games with kill data: in the middle 82%, on their own side 18%.

Those units destroy a typical 1,824 metal of enemy units by 15:00.

Then transitions into tick (31% of army), pawn (11% of army), blitz (8% of army).

HOW TO PLAY IT

Key timing: Gunslinger by 5:05

  1. Open tidal-heavy eco, pay allies metal and energy early.
  2. Put down Bot Lab as normal for Pond.
  3. Buy a Gunslinger from Tech instead of building your own.
  4. Send the Gunslinger to fight in the middle.
  5. Fall back into standard Tick/Pawn/Blitz production.

Phase by phase

TYPICAL OF ITS 104 GAMES · AGAINST STANDARD POND
  1. 1
  2. 2
  3. 3
PLAY THE OPENING

Follow the example game's first 6:05 step by step: what to build now, what comes next, and where it goes. At 1× it keeps pace with your own game.

  1. 1

    Up to the Bot Lab

    Economy
    • Metal Extractor4Mex
    • Tidal Generator8Tidalfor allies
    • Wind Turbine5Wind
    • Tidal Generator2Tidal
    • Energy Storage1Energy storage
    Order
    1. Bot LabBot Lab after 4 mex, 5 wind, 2 tidaldone ~3:50, middle half 3:16–5:40

    Some games also: converter (33%)

    By 3:29 in all: 4 mex · 5 wind · 2 tidal · 1 energy storage

    The example game in this phase · 5 steps
    1. Tidal ×8for Front
    2. Tidal ×2
    3. Mex ×4
    4. Wind ×2
    5. Bot LabBot Labdone 3:06 · typical 3:50
  2. 2

    Bot Lab to 5:00

    Economy
    • Wind Turbine1Wind−3 vs standard
    Builders
    • Construction Bot1 Con bot

    Some games also: Lazarus (33%)

    By 5:00 in all: 4 mex · 10 wind · 2 tidal · 1 converter · 1 energy storage

    The example game in this phase · 11 steps
    1. Wind
    2. Construction BotCon bot
    3. Wind ×5
    4. Con turret
    5. LazarusLazarus
    6. Wind
    7. LazarusLazarusfor Geo
    8. Energy storage
    9. Wind ×5
    10. Con turret
    11. Wind ×3
  3. 3

    5:00 to 10:00

    Economy
    • Wind Turbine18Wind−11 vs standard
    • Energy Converter2Converter−6 vs standard
    Builders
    • Construction Turret1 Con turret

    Some games also: tick (44%) · con bot (44%) · eat Bot Lab (41%)

    By 10:00 in all: 4 mex · 36 wind · 2 tidal · 6 converter (standard 9) · 1 energy storage · 2 con turret

    The example game in this phase · 69 steps
    1. Wind ×2
    2. Converter
    3. Wind
    4. Converter
    5. Wind
    6. Converter
    7. Wind
    8. Converter ×2
    9. Wind
    10. Converter
    11. Wind
    12. Converter
    13. Wind
    14. Converter
    15. Wind
    16. Converter
    17. Wind
    18. Converter ×2
    19. Wind
    20. Converter
    21. Bot LabEat Bot Labreclaimed for its metal
    22. SentrySentry
    23. Advanced Metal ExtractorT2 mex ×2done 8:16 · typical 9:22
    24. Bot LabBot Labdone 10:40
    25. Con turret
    26. TickTick ×4
    27. Con turret
    28. TickTick ×2
    29. Con turret
    30. TickTick
    31. Advanced Metal ExtractorT2 mex
    32. TickTick ×5
    33. NettleNettle
    34. TickTick ×5
    35. NettleNettle
    36. TickTick ×10
    37. ArbalestArbalest
    38. TickTick ×9
    39. ArbalestArbalest
    40. TickTick ×4
    41. Con turret
    42. TickTick ×3
    43. Converter
    44. Bot LabBot Labdone 13:22
    45. TickTick
    46. Converter
    47. TickTick ×2
    48. Converter
    49. TickTick ×2
    50. Converter
    51. TickTick ×2
    52. Converter
    53. TickTick ×3
    54. Converter
    55. TickTick ×3
    56. Converter
    57. TickTick ×2
    58. Converter
    59. TickTick ×2
    60. Converter
    61. TickTick
    62. Converter
    63. TickTick
    64. Converter
    65. TickTick
    66. Converter
    67. TickTick ×60
    68. Energy storage
    69. TickTick

Counts are medians over the build's games: half of them build more, half fewer. The example game is [NWP]Kadafi923's (31 OS, 08/09/2026); pick another.

Team trades

IN AT LEAST 30% OF ITS GAMES

You hand over

  • Tidal Generator8 Tidal to Suicide front or Frontfirst at 0:12 · in 99% of games

You get

  • Gunslinger1 Gunslinger from Techfirst at 5:05 · in 100% of games
  • Advanced Construction Bot1 T2 con bot from Techfirst at 7:46 · in 96% of games

How it plays out

Typical game of this build against the role’s standard build, running totals by minute

  • This build
  • Standard pond

Metal produced

010k20k30k
0:005:0010:0015:00

metal

Enemy metal destroyed

02k4k6k
0:005:0010:0015:00

metal

Own metal lost

02k4k
0:005:0010:0015:00

metal

Metal sent to allies

01k2k
0:005:0010:0015:00

metal

Energy sent to allies

020k40k60k
0:005:0010:0015:00

metal

104 games.

Show as table
ByMetal produced: This buildMetal produced: Standard pondEnemy metal destroyed: This buildEnemy metal destroyed: Standard pondOwn metal lost: This buildOwn metal lost: Standard pondMetal sent to allies: This buildMetal sent to allies: Standard pondEnergy sent to allies: This buildEnergy sent to allies: Standard pond
1:0011511500000013471282
2:0026726800000031292781
3:0078379900000054704436
4:0014651473000093079756138
5:002180218500005771117798989
6:002949299500006722321696212657
7:00383539106372110507154372157315669
8:004793494814011702781178074632659319216
9:0059126223191837965031610164682842021289
10:00698677052666611106155211324903300223110
11:00910196453068842140085512415183826626170
12:001096512052316011691813128913205244553527931
13:001308114538386615532515187614366265056330525
14:001521217427453321343143253514926655367531558
15:001783320188488125993513324916287085562032681
WHAT THE NUMBERS SAY

Won less often than the standard build, but destroyed much more enemy metal by both 10:00 and 15:00 despite losing more of its own.

  • + Destroyed 5314 enemy metal by 15:00 vs 2982 for standard.
  • − Team win rate 40% vs 45% for standard build.
  • − Own metal lost by 15:00 (4508) well above standard (3531).
THE EXAMPLE YOU ARE READING

[NWP]Kadafi923

30.6 OS · 08/09/2026

Open source match ↗

3 received units · includes a constructor
101 metal received · 211867 energy received

Allied construction assistance is unknown. Timings are observations, not a promise of solo reproducibility.

Typical milestones

Bot Lab3:50Middle 50%: 3:16–5:40 · n=97
Advanced Metal Extractor9:22Middle 50%: 8:30–10:10 · n=98

Played most by

Deathkebab13games of this buildViltrum10games of this buildChaoticNoob7games of this build[NWP]Kadafi9235games of this buildStefan11565games of this build

Supporting games

Pick a game to read and play it above.

[CC]CupOfCoffee13/10/2026 · 30 OS↗Ling_long13/10/2026 · 40 OS↗JesterB12/10/2026 · 31 OS↗Flerpz12/10/2026 · 33 OS↗[Grump]Glorp_TTV11/10/2026 · 59 OS↗[NWP]Kadafi92311/10/2026 · 31 OS↗haaven09/10/2026 · 40 OS↗EpicTyrannus09/10/2026 · 44 OS↗[NWP]Kadafi92308/09/2026 · 31 OS↗
32 more of 96, the most recent[NWP]Kadafi92308/10/2026 · 31 OS↗zeus_on_god08/10/2026 · 37 OS↗Viltrum07/10/2026 · 40 OS↗RiskyDonut06/10/2026 · 31 OS↗Graceful06/10/2026 · 37 OS↗[Cookie]CottonBuds05/10/2026 · 32 OS↗Graceful05/10/2026 · 37 OS↗Gieds03/10/2026 · 46 OS↗GeeGee03/10/2026 · 37 OS↗Ram_Me_Daddy03/10/2026 · 31 OS↗zeus_on_god03/10/2026 · 38 OS↗ChaoticNoob02/10/2026 · 36 OS↗enderOS102/10/2026 · 35 OS↗BiteMyAssets02/10/2026 · 30 OS↗FrontLiner69er01/10/2026 · 33 OS↗ChaoticNoob01/10/2026 · 35 OS↗ChaoticNoob01/10/2026 · 35 OS↗TheGeneraI29/09/2026 · 32 OS↗HuntressesofArtemis29/09/2026 · 35 OS↗[Cookie]CottonBuds29/09/2026 · 31 OS↗Stefan115628/09/2026 · 33 OS↗Ubilosis28/09/2026 · 30 OS↗Stefan115628/09/2026 · 33 OS↗Stefan115628/09/2026 · 33 OS↗Stefan115628/09/2026 · 33 OS↗Stefan115627/09/2026 · 33 OS↗Alphacure25/09/2026 · 35 OS↗Ph3nomix23/09/2026 · 31 OS↗Deathkebab23/09/2026 · 36 OS↗Fakepilot23/09/2026 · 34 OS↗GeeGee23/09/2026 · 37 OS↗[Crd]Mind_The_Gap22/09/2026 · 36 OS↗
Supreme Isthmus v2.1
Beyond All Reason test-31251-0ceadc7
Naval balance tweaks on